 Dungeon Crawl Stone Soup version 0.22-a0-799-g88f5e90 (webtiles) character file.

1769 Amnesiac the Magician (level 8, -13/52 HPs)
             Began as a Mummy Earth Elementalist on July 21, 2018.
             Was an Initiate of Vehumet.
             Mangled by an ice beast (14 damage)
             ... on level 2 of the Dungeon.
             The game lasted 00:08:33 (7154 turns).

Amnesiac the Magician (Mummy Earth Elementalist)    Turns: 7154, Time: 00:08:33

Health: -13/52     AC:  5    Str: 11    XL:     8   Next: 80%
Magic:  16/19      EV: 11    Int: 20    God:    Vehumet [......]
Gold:   294        SH:  0    Dex: 12    Spells: 7/22 levels left

rFire    x . .     SeeInvis .   a - +0 whip (venom)
rCold    . . .     Gourm    .   (no shield)
rNeg     + + +     Faith    .   l - +0 leather armour
rPois    ∞         Spirit   .   (no helmet)
rElec    .         Reflect  .   g - +0 cloak
rCorr    .         Harm     .   q - +0 pair of gloves of Claustrophobia {rPois rC- Regen+ Stlth+}
MR       +....                  (no boots)
Stlth    ++........             (no amulet)
HPRegen  0.57/turn              f - +3 ring of intelligence
MPRegen  0.16/turn              c - ring of flight

@: no status effects
A: no food or potions, fire vulnerability, cold resistance 1, negative energy
resistance 3, torment resistance, unbreathing
a: Renounce Religion, Evoke Flight


You were on level 2 of the Dungeon.
You worshipped Vehumet.
Vehumet was noncommittal.
You were not hungry.

You visited 2 branches of the dungeon, and saw 8 of its levels.

You collected 294 gold pieces.

Inventory:

Hand Weapons
 a - a +0 whip of venom (weapon)
 b - a +1 short sword of speed
Missiles
 d - 83 stones (quivered)
Armour
 g - a +0 cloak (worn)
 l - a +0 leather armour (worn)
 m - a +0 buckler
 q - the +0 pair of gloves of Claustrophobia (worn) {rPois rC- Regen+ Stlth+}
   (You found it on level 6 of the Dungeon)

   It makes you vulnerable to cold.
   It protects you from poison.
   It increases your rate of regeneration.
   It makes you more stealthy.
Jewellery
 c - a ring of flight (right hand)
 f - a +3 ring of intelligence (left hand)
Wands
 j - a wand of disintegration (12)
Scrolls
 e - a scroll of enchant weapon {!r}
 h - a scroll of enchant armour {!r, unknown}
 i - 2 scrolls of teleportation {!r}
 k - a scroll of fear {!r}
 n - a scroll of immolation {!r}
 p - 2 scrolls of magic mapping {!r}


   Skills:
 - Level 1.5 Dodging
 - Level 1.5 Stealth
 + Level 3.0 Shields
 + Level 7.8 Spellcasting
 - Level 0.7 Transmutations
 * Level 7.7 Earth Magic


You had 7 spell levels left.
You knew the following spells:

 Your Spells              Type           Power        Failure   Level  Hunger
a - Sandblast             Erth           #####.       1%          1    N/A
b - Passwall              Tmut/Erth      ###.....     3%          2    N/A
c - Stone Arrow           Conj/Erth      ###...       7%          3    N/A
d - Lee's Rapid Deconstr  Erth           #####.....   13%         5    N/A
e - Petrify               Tmut/Erth      ###.....     21%         4    N/A

Your spell library contained the following spells:

 Spells                   Type           Power        Failure   Level  Hunger


Dungeon Overview and Level Annotations

Branches:
Dungeon (7/15)             Temple (1/1) D:7

Altars:
Ashenzari
Cheibriados
Dithmenos
Elyvilon
Gozag
Kikubaaqudgha
Nemelex Xobeh
Okawaru
Qazlal
Ru
Sif Muna
Trog
Vehumet
Wu Jian
Yredelemnul
Zin
The Shining One

Shops:
D:5 %   D:6 (

Annotations:
D:5 Dowan, Duvessa


Innate Abilities, Weirdness & Mutations

You do not eat or drink.
Your flesh is vulnerable to fire.
You are immune to poison.
Your flesh is cold resistant. (rC+)
You are immune to negative energy. (rN+++)
You are immune to unholy pain and torment.
You can survive without breathing.


Message History

The hobgoblin barely misses you.
A hobgoblin is nearby!
You hit the hobgoblin.
You kill the hobgoblin!
Vehumet accepts your kill.
You see here a hobgoblin corpse.
HP restored.
You see here a glowing black potion {!q}.
Found a stone staircase leading down.
No target in view!
The ice beast is too close now for your liking.
An ice beast is nearby!
The ice beast hits you. The ice beast freezes you!
An ice beast is nearby!
You hit the ice beast.
The ice beast is lightly wounded.
The ice beast hits you. The ice beast freezes you!
An ice beast is nearby!
You hit the ice beast.
The ice beast is poisoned.
The ice beast is moderately wounded.
The ice beast hits you but does no damage.
An ice beast is nearby!
You barely miss the ice beast.
The ice beast is moderately wounded.
The ice beast hits you. The ice beast freezes you!
* * * LOW HITPOINT WARNING * * *
An ice beast is nearby!
You hit the ice beast but do no damage.
The ice beast is moderately wounded.
The ice beast hits you but does no damage.
The ice beast hits you but does no damage.
Casting: Sandblast (safe; 1% risk of failure)
Confirm with . or Enter, or press ? or * to list all spells.
Aiming: Sandblast (safe; 1% risk of failure)
Press: ? - help, Shift-Dir - straight line, f - ice beast
Aim: an ice beast (heavily wounded, poisoned)
The blast of sand misses the ice beast.
d - 85 stones The ice beast hits you.
* * * LOW HITPOINT WARNING * * *
The ice beast freezes you!
* * * LOW HITPOINT WARNING * * *
Unknown command.
Casting: Sandblast (safe; 1% risk of failure)
Confirm with . or Enter, or press ? or * to list all spells.
Aiming: Sandblast (safe; 1% risk of failure)
Press: ? - help, Shift-Dir - straight line, f/p - ice beast
Aim: an ice beast (heavily wounded, poisoned)
The blast of sand hits the ice beast.
The ice beast is almost dead.
d - 84 stones The ice beast barely misses you.
Unknown command.
Casting: Sandblast (safe; 1% risk of failure)
Confirm with . or Enter, or press ? or * to list all spells.
Aiming: Sandblast (safe; 1% risk of failure)
Press: ? - help, Shift-Dir - straight line, f/p - ice beast
Aim: an ice beast (almost dead, poisoned)
The blast of sand misses the ice beast.
d - 83 stones The ice beast hits you.
* * * LOW HITPOINT WARNING * * *
The ice beast freezes you!
You die...

# #.....# #.....#.# # #.....#
####..#.# # #.....# ##.#.# #
#.....# #...# # #.....# ##..#
# #.....# .# ########..# #
#.#.####...# #........>#
####.#.####...#####.#######.#
..)).#.#........@Y......# #.#
######.#.##...#####.###.# #.#
.......#..............#.###.#
########..#########.#.#.....#
#..<.# #.#.#######
#....Y.......# #
#..........#.# #............#
#..#######....


You could see an ice beast.

Vanquished Creatures
  5 ogres
  A centaur (D:7)
  A phantom (D:4)
  3 bullfrogs (D:6)
  2 scorpions
  3 electric eels (D:6)
  2 crimson imps
  2 jellies (D:7)
  A hound (D:4)
  2 orc wizards
  4 bullfrog skeletons
  2 iguanas (D:5)
  4 worker ants
  Natasha (thrice) (D:4)
  A hound skeleton (D:5)
  8 gnolls
  5 adders
  2 shadow imps
  A worm (D:2)
  8 dart slugs (D:6)
  2 leopard geckos
  5 orcs
  2 ball pythons (D:4)
  A bat (D:1)
  3 giant cockroaches
  3 goblins (D:1)
  4 hobgoblins (D:2)
  6 jackals (D:4)
  A quokka (D:7)
  A frilled lizard (D:3)
  5 kobolds
  A quokka zombie (D:5)
  2 rats
  A butterfly (D:7)
97 creatures vanquished.

Notes
Turn   | Place    | Note
-------+----------+-------------------------------------------
     0 | D:1      | Amnesiac the Mummy Earth Elementalist began the quest for the Orb.
     0 | D:1      | Reached XP level 1. HP: 13/13 MP: 4/4
   435 | D:2      | Noticed an ice beast
   727 | D:2      | Found a sparkling altar of Nemelex Xobeh.
   802 | D:2      | Reached XP level 2. HP: 1/19 MP: 2/5
  1093 | D:2      | Learned a level 2 spell: Passwall
  1165 | D:2      | Reached XP level 3. HP: 24/24 MP: 3/7
  1230 | D:2      | HP: 1/24 [gnoll/spear (6)]
  1734 | D:3      | Reached XP level 4. HP: 30/30 MP: 4/9
  1739 | D:3      | Learned a level 3 spell: Stone Arrow
  1744 | D:3      | Learned a level 4 spell: Petrify
  1860 | D:4      | Noticed Natasha
  1893 | D:4      | Killed Natasha
  1893 | D:4      | Reached XP level 5. HP: 8/35 MP: 0/11
  1901 | D:4      | Noticed a phantom
  1912 | D:4      | HP: 1/35 [worker ant (6)]
  2232 | D:4      | Noticed an ogre
  2260 | D:4      | Killed an ogre
  2355 | D:4      | Reached XP level 6. HP: 36/41 MP: 9/13
  2415 | D:4      | Reached skill level 5 in Spellcasting
  2415 | D:4      | Reached skill level 5 in Earth Magic
  2516 | D:4      | Noticed Natasha
  2519 | D:4      | Killed Natasha
  2605 | D:4      | Noticed Natasha
  2610 | D:4      | Killed Natasha
  2649 | D:4      | Reached XP level 7. HP: 46/46 MP: 13/15
  2936 | D:5      | Entered Level 5 of the Dungeon
  2991 | D:5      | Noticed Duvessa
  2991 | D:5      | Noticed Dowan
  3682 | D:5      | Learned a level 5 spell: Lee's Rapid Deconstruction
  3740 | D:5      | Found an opulent altar of Gozag.
  3914 | D:5      | Found a glowing golden altar of the Shining One.
  3981 | D:5      | Found Rifipsaopn's Food Shoppe.
  4497 | D:6      | Reached skill level 1 in Shields
  4536 | D:6      | Found Hofa's Weapon Emporium.
  4843 | D:6      | Reached XP level 8. HP: 44/52 MP: 18/18
  4970 | D:6      | Got a pair of bloodstained gloves
  5000 | D:6      | Identified the cursed +0 pair of gloves of Claustrophobia {rPois rC- Regen+ Stlth+} (You found it on level 6 of the Dungeon)
  5146 | D:6      | Found a shadowy altar of Dithmenos.
  6252 | D:7      | Found a staircase to the Ecumenical Temple.
  6271 | Temple   | Entered the Ecumenical Temple
  6277 | Temple   | Became a worshipper of Vehumet
  7152 | D:2      | HP: 1/52 [ice beast (14)]
  7154 | D:2      | Mangled by an ice beast

Vault maps used:
D:1:      saegor_arrival_simple_b, serial_forest, infiniplex_forest_straight_4,
          infiniplex_forest_corner_1, infiniplex_forest_lined_corner,
          infiniplex_forest_clump_cross, infiniplex_forest_straight_5,
          infiniplex_forest_clump_cross, infiniplex_forest_clump_cross,
          infiniplex_forest_lined_3_way, infiniplex_forest_corner_1
D:2:      nemelex_xobeh_ov_fountains_minmay
D:3:      cheibrodos_thug_alley
D:4:      uniq_natasha
D:5:      lemuel_crystal_altar, nicolae_overflow_hidden_temple, serial_shops,
          kennysheep_little_box, first_ration, hangedman_abyss_or_decor_stabs,
          uniq_duvessa
D:6:      kennysheep_slugbush, old_standard_altar, serial_shops, shop,
          nrook_uturn
D:7:      minmay_temple_entry_butterflies, the_bakery
Temple:   nicolae_temple_x_marks_the_god

Skill      XL: |  1  2  3  4  5  6  7  8 |
---------------+-------------------------+-----
Spellcasting   | 3 4 5 6 7 |  7.8
Earth Magic    | 3 4 5 6 7 |  7.7
Shields        | 1 3 |  3.0
Dodging        | |  1.5
Stealth        | |  1.5
Transmutations | |  0.7

Action                   |  1- 3 |  4- 6 |  7- 9 || total
-------------------------+-------+-------+-------++-------
Melee: Whip              |    24 |    54 |    90 ||   168
Throw: Stone             |       |       |     1 ||     1
 Cast: Sandblast         |    22 |    35 |    73 ||   130
       Passwall          |       |       |     3 ||     3
       Lee's Rapid Decon |       |       |     5 ||     5
  Use: Scroll            |       |       |     7 ||     7
 Stab: Sleeping          |     2 |       |     7 ||     9
Armor: Robe              |     5 |    14 |     1 ||    20
       Leather armour    |       |       |    34 ||    34
Dodge: Dodged            |    15 |    64 |    59 ||   138

Table legend:
 A = Spawn XP
 B = Non-spawn XP
 C = Spawn XP percentage of total XP
 D = Spawn monster count
 E = Non-spawn monster count
 F = Spawn count percentage of total count
 G = Total turns spent on level
                    A         B        C        D         E        F      G
               +---------+---------+-------+---------+---------+-------+---------
         Total |       0 |    2528 |   0.0 |       0 |      96 |   0.0 |  7154
               +---------+---------+-------+---------+---------+-------+---------
           D:1 |       0 |      12 |   0.0 |       0 |       8 |   0.0 |   925
           D:2 |       0 |      85 |   0.0 |       0 |      12 |   0.0 |  1442
           D:3 |       0 |      17 |   0.0 |       0 |       4 |   0.0 |   161
           D:4 |       0 |     684 |   0.0 |       0 |      21 |   0.0 |  1158
           D:5 |       0 |     415 |   0.0 |       0 |      12 |   0.0 |  1511
           D:6 |       0 |     833 |   0.0 |       0 |      26 |   0.0 |  1411
           D:7 |       0 |     482 |   0.0 |       0 |      13 |   0.0 |   533
               +---------+---------+-------+---------+---------+-------+---------
